 Seeded DCSS version 0.30-a0-476-g330ca2eb8e (webtiles) character file.

Game seed: 16792993399291170163 (custom seed)

102 purpskrrrp the Trooper (level 4, 0/49 HPs)
             Began as an Ogre Gladiator on Dec 22, 2022.
             Was a Follower of Okawaru.
             Slain by an adder (2 damage)
             ... on level 3 of the Dungeon.
             The game lasted 00:03:30 (2329 turns).

purpskrrrp the Trooper (Ogre Gladiator)             Turns: 2329, Time: 00:03:30

Health: 0/49       AC:  3    Str: 20    XL:     4   Next: 78%
Magic:  4/4        EV: 10    Int: 15    God:    Okawaru [*.....]
Gold:   111        SH:  0    Dex: 10    Spells: 3/3 levels left

rFire   . . .      SeeInvis .    a - +0 war axe
rCold   . . .      Faith    .    (no shield)
rNeg    . . .      Spirit   .    b - +0 robe
rPois   .          Reflect  .    c - +0 hat
rElec   .          Harm     .    n - scarf {+Inv}
rCorr   +          Rampage  .    (gloves unavailable)
Will    .....                    (boots unavailable)
Stlth   +.........               (no amulet)
HPRegen 0.28/turn                m - +6 ring of intelligence
MPRegen 0.09/turn                f - ring of resist corrosion

@: mighty
A: large, unfitting armour, tough skin 1
a: Renounce Religion, Evoke Invisibility, Heroism


You were on level 3 of the Dungeon.
You worshipped Okawaru.
Okawaru was aware of your devotion.
You visited 1 branch of the dungeon, and saw 3 of its levels.

You collected 111 gold pieces.

Inventory:

Hand Weapons
 a - a +0 war axe (weapon)
Missiles
 d - 2 throwing nets (quivered)
 e - a large rock
Armour
 b - a +0 robe (worn)
 c - a +0 hat (worn)
 n - a scarf of invisibility (worn)
Jewellery
 f - a ring of resist corrosion (right hand)
 i - a ring of ice
 m - a +6 ring of intelligence (left hand)
 o - an amulet of guardian spirit
 u - a ring of wizardry
Scrolls
 g - 6 scrolls of identify {unknown}
 h - 2 scrolls of noise {unknown}
 j - a scroll of vulnerability {unknown}
 l - 2 scrolls of teleportation {unknown}
 p - 3 scrolls of poison {unknown}
 q - a scroll of blinking {unknown}
 r - a scroll of amnesia {unknown}
 s - 2 scrolls of magic mapping {unknown}
 v - a scroll of acquirement
Potions
 t - a potion of haste {unknown}


   Skills:
 * Level 4.5 Fighting
 + Level 3.5 Axes
 + Level 2.7 Throwing
 + Level 3.2 Dodging


You had 3 spell levels left.
You didn't know any spells.
Your spell library contained the following spells:

 Spells                   Type           Power      Damage    Failure   Level
 Apportation              Tloc           0%         N/A       26%         1
 Necrotise                Necr           0%         1d4       26%         1
 Static Discharge         Conj/Air       0%         2-2/arc   38%         2
 Vhi's Electric Charge    Tloc/Air       0%         N/A       63%         3
 Arcjolt                  Conj/Air       0%         1d10      100%        5
 Lightning Bolt           Conj/Air       0%         1d11      100%        5
 Summon Small Mammal      Summ           Unusable   N/A       N/A         1

Dungeon Overview and Level Annotations

Branches:
Dungeon (3/15)

Altars:
Okawaru


Innate Abilities, Weirdness & Mutations

You are too large for most types of armour.
You have tough skin. (AC +1)


Message History

You feel sick.
The adder struggles against the net.
The net rips apart, and the adder comes free!
You miss the adder.
The adder is lightly wounded.
You feel sick. The adder misses you. x2
You miss the adder.
The adder is lightly wounded.
You feel sick.
You are no longer poisoned.
The adder bites you.
* * * LOW HITPOINT WARNING * * *
You are poisoned.
The adder poisons you! The adder barely misses you.
You barely miss the adder.
The adder is lightly wounded.
* * * LOW HITPOINT WARNING * * *
You feel very sick. The adder closely misses you.
You barely miss the adder.
The adder is lightly wounded.
You feel sick. The adder closely misses you. The adder barely misses you.
It was a potion of might.
You feel very mighty all of a sudden.
You feel sick. The adder closely misses you.
Okay, then.
You barely miss the adder.
The adder is lightly wounded.
You feel sick. The adder bites you.
* * * LOW HITPOINT WARNING * * *
The adder closely misses you.
You slash the adder!
The adder is severely wounded.
* * * LOW HITPOINT WARNING * * *
You feel sick.
You are no longer poisoned.
The adder misses you. The adder bites you but does no damage.
You completely miss the adder.
The adder is severely wounded.
The adder closely misses you. The adder bites you.
You die...

#.#
#######
#+# #.#
#.###
#.#.##
#....####
#.......+
##....####
#..#.##
#@#### #S#
... ##.##
#.# #.#
#.. ###


You could see an adder.

Vanquished Creatures
  Jessica (D:3)
  2 adders (D:2)
  2 worms (D:2)
  6 ball pythons
  4 bats
  4 endoplasms
  2 giant cockroaches (D:2)
  6 goblins
  8 hobgoblins
  2 jackals (D:2)
  2 quokkas (D:2)
  2 frilled lizards
  5 kobolds
  2 rats (D:1)
48 creatures vanquished.

Notes
Turn   | Place    | Note
-------+----------+-------------------------------------------
     0 | D:1      | purpskrrrp the Ogre Gladiator began the quest for the Orb.
     0 | D:1      | Reached XP level 1. HP: 22/22 MP: 1/1
   150 | D:1      | Reached skill level 3 in Fighting
   155 | D:1      | Reached XP level 2. HP: 19/31 MP: 2/2
   778 | D:1      | Reached XP level 3. HP: 37/37 MP: 3/3
  1115 | D:2      | Identified a scroll of acquirement
  1115 | D:2      | Acquired a scarf of invisibility
  1307 | D:2      | Reached skill level 4 in Fighting
  1459 | D:2      | Reached XP level 4. HP: 48/48 MP: 4/4
  1650 | D:2      | Found a faded altar of an unknown god.
  1787 | D:2      | Prayed at the altar of an unknown god.
  1787 | D:2      | Became a worshipper of Warmaster Okawaru
  1787 | D:2      | Reached * piety under Okawaru
  2191 | D:3      | Noticed Jessica
  2197 | D:3      | Killed Jessica
  2328 | D:3      | HP: 1/49 [poisoned by an adder]
  2329 | D:3      | Slain by an adder

Illustrated notes

Levels and vault maps discovered:
D:1:      lemuel_arrival_tunnels, layout_basic
D:2:      layout_basic, nicolae_ecumenical_lake_church, serial_forest,
          infiniplex_forest_clump_small, infiniplex_forest_clump_small,
          infiniplex_forest_straight_3, infiniplex_forest_straight_1,
          infiniplex_forest_lined_2
D:3:      layout_loops_corners, minmay_overflow_temple_star_hex, uniq_jessica

Skill      XL: |  1  2  3 |
---------------+----------+-----
Fighting       | 3 4 |  4.5
Dodging        | 3 |  3.2
Axes           | |  3.5
Throwing       | |  2.7

Action                   |  1- 3 |  4- 6 || total
-------------------------+-------+-------++-------
Melee: War axe           |   104 |    44 ||   148
Throw: Large rock        |     1 |       ||     1
       Throwing net      |       |     1 ||     1
  Use: Scroll            |     1 |       ||     1
       Potion            |       |     1 ||     1
 Stab: Sleeping          |     1 |       ||     1
Armor: Robe              |    47 |     9 ||    56
Dodge: Dodged            |    64 |    31 ||    95

Table legend: (Time is in decaauts)
 A = Elapsed time spent in this place.
 B = Non-inter-level travel time spent in this place.
 C = Inter-level travel time spent in this place.
 D = Time resting spent in this place.
 E = Time spent auto-exploring this place.
 F = Levels seen in this place.
 G = Mean time per level.
                   A        B        C        D        E       F      G
               +--------+--------+--------+--------+--------+-----+--------+
         Total |   2377 |   2329 |     48 |      0 |   1969 |   3 |  792.3 |
       Dungeon |   2377 |   2329 |     48 |      0 |   1969 |   3 |  792.3 |
               +--------+--------+--------+--------+--------+-----+--------+

Top non-repeatable levels by time:
     D:1: 1072 daAuts
     D:2: 770 daAuts
     D:3: 535 daAuts
